 Dungeon Crawl Stone Soup version 0.27-a0-1560-g8cdb131 (webtiles) character file.

Game seed: 220743400174391841

516 Meow the Skirmisher (level 7, 12/64 HPs)
             Began as a Ghoul Fighter on July 16, 2021.
             Quit the game on level 5 of the Dungeon.
             The game lasted 00:06:40 (3336 turns).

Meow the Skirmisher (Ghoul Fighter)                 Turns: 3336, Time: 00:06:41

Health: 12/64      AC:  9    Str: 22    XL:     7   Next: 20%
Magic:  6/6        EV:  7    Int:  3    God:
Gold:   144        SH:  8    Dex:  8    Spells: 6/6 levels left

rFire    . . .     SeeInvis .   a - +0 war axe
rCold    + . .     Faith    .   c - +0 kite shield
rNeg     + + +     Spirit   .   b - +0 scale mail
rPois    ∞         Reflect  .   n - +2 helmet
rElec    .         Harm     .   (no cloak)
rCorr    .         Rampage  .   (no gloves)
Will     .....                  (no boots)
Stlth    ..........             (no amulet)
HPRegen  0.20/turn              (no ring)
MPRegen  0.10/turn              (no ring)

@: no status effects
A: claws 1, cold resistance 1, negative energy resistance 3, inhibited
regeneration, torment resistance 2
a: no special abilities


You were on level 5 of the Dungeon.
You visited 1 branch of the dungeon, and saw 5 of its levels.

You collected 144 gold pieces.

Inventory:

Hand Weapons
 a - a +0 war axe (weapon)
 p - a +1 vorpal flail
Missiles
 h - 83 stones (quivered)
 j - 26 poisoned darts
 q - 21 sling bullets
 t - 13 arrows
Armour
 b - a +0 scale mail (worn)
 c - a +0 kite shield (worn)
 n - a +2 helmet (worn)
 o - a +0 ring mail
Jewellery
 e - an amulet of the acrobat
 r - a +6 ring of intelligence
Wands
 s - a wand of iceblast (11)
Scrolls
 g - a scroll of magic mapping {unknown}
 i - 4 scrolls of identify {unknown}
 k - a scroll of fog {unknown}
 l - a scroll of enchant armour {unknown}
 m - a scroll of acquirement {unknown}
 u - a scroll of amnesia {unknown}
Potions
 d - a potion of might
 f - a potion of curing {unknown}


   Skills:
 + Level 6.6 Fighting
 + Level 5.0 Axes
 - Level 2.6 Armour
 - Level 2.6 Shields


You had 6 spell levels left.
You didn't know any spells.
Your spell library contained the following spells:

 Spells                   Type           Power      Damage    Failure   Level
 Ignite Poison            Fire/Tmut/Pois 0%         N/A       100%        3
 Mephitic Cloud           Conj/Pois/Air  0%         N/A       100%        3
 Bolt of Magma            Conj/Fire/Erth 0%         4d4       100%        5


Dungeon Overview and Level Annotations

Branches:
Dungeon (5/15)
 Temple: D:4-7

Altars:

Shops:
D:3 [


Innate Abilities, Weirdness & Mutations

You thrive by killing the living.
You are immune to poison.
You have sharp fingernails.
Your flesh is cold resistant. (rC+)
You are immune to negative energy. (rN+++)
You do not regenerate when monsters are visible.
You are immune to unholy pain and torment.


Message History

You closely miss something. Something hits you. Something shocks you.
Something hits you but does no damage.
You closely miss something. Something hits you but does no damage.
You closely miss something.
Something hits you but does no damage. x2
You completely miss something. Something hits you but does no damage.
You closely miss something. Something hits you. Something shocks you.
Something hits you but does no damage.
You barely miss something. Something hits you but does no damage.
You miss something. Something hits you.
* * * LOW HITPOINT WARNING * * *
Something shocks you.
* * * LOW HITPOINT WARNING * * *
Something hits you but does no damage.
A sky beast appears from thin air!
Reactivating autopickup.
You miss the sky beast.
The sky beast is almost dead.
You block the sky beast's attack.
You barely miss the sky beast.
The sky beast is severely wounded.
The sky beast closely misses you. You block the sky beast's attack.
You hit the sky beast.
The sky beast is almost dead.
You block the sky beast's attack.
You closely miss the sky beast.
The sky beast is almost dead.
The sky beast flickers out of sight!
Deactivating autopickup; reactivate with Ctrl-A.
Something hits you but does no damage. You block something's attack.
You closely miss something.
A sky beast appears from thin air!
Reactivating autopickup.
The sky beast hits you but does no damage.
You hit the sky beast but do no damage.
The sky beast is almost dead.
The sky beast hits you but does no damage. x2
You slash the sky beast!
You kill the sky beast!
Your Axes skill increases to level 5!
You have reached level 7!
Are you sure you want to abandon this character and quit the game? (Confirm with "yes".)

#.# #.# #.# ..........
#.# .°.........
#.####.###.#...........
#..........#...........
#.####.#####.○.........
#.# #†# ..°.......° ..
#@# ..........° #.#.##
.........°.
#....##########8.8##
#...........#.##.#..
##...######.#.......
#....................
....##...........#####.
#### ############# #.
##


There were no monsters in sight!

Vanquished Creatures
  A sky beast (D:5)
  A black bear (D:4)
  A water moccasin skeleton (D:3)
  A bullfrog zombie (D:5)
  A centaur skeleton (D:4)
  A killer bee zombie (D:3)
  2 hound skeletons
  3 gnolls (D:3)
  4 adders
  3 worms
  7 dart slugs
  5 orcs
  12 endoplasms
  3 goblins
  5 hobgoblins
  8 jackals
  5 quokkas
  8 ball pythons
  4 bats
  2 frilled lizards
  5 kobolds
  13 rats
95 creatures vanquished.

Vanquished Creatures (others)
  18 plants (D:5)
18 creatures vanquished.

Grand Total: 113 creatures vanquished

Notes
Turn   | Place    | Note
-------+----------+-------------------------------------------
     0 | D:1      | Meow the Ghoul Fighter began the quest for the Orb.
     0 | D:1      | Reached XP level 1. HP: 19/19 MP: 0/0
   119 | D:1      | Reached XP level 2. HP: 26/26 MP: 1/1
   540 | D:1      | Reached skill level 4 in Fighting
   540 | D:1      | Reached XP level 3. HP: 33/33 MP: 2/2
   690 | D:1      | Found a faded altar of an unknown god.
   855 | D:2      | Reached XP level 4. HP: 41/41 MP: 3/3
  2186 | D:3      | Reached XP level 5. HP: 47/47 MP: 4/4
  2190 | D:3      | Reached skill level 5 in Fighting
  2437 | D:3      | Found Kocserch's Antique Armour Boutique.
  2640 | D:4      | Reached XP level 6. HP: 56/56 MP: 5/5
  3007 | D:4      | Noticed a black bear
  3019 | D:4      | Killed a black bear
  3020 | D:4      | Reached skill level 6 in Fighting
  3113 | D:5      | Entered Level 5 of the Dungeon
  3305 | D:5      | Noticed a sky beast
  3335 | D:5      | Killed a sky beast
  3336 | D:5      | Reached skill level 5 in Axes
  3336 | D:5      | Reached XP level 7. HP: 12/64 MP: 6/6
  3336 | D:5      | Quit the game

Illustrated notes

Levels and vault maps discovered:
D:1:      dpeg_arrival_short_road, layout_rooms,
          hellmonk_ecumenical_altar_leap_of_faith, chequers_garden,
          minmay_misc_feat_enclosed
D:2:      layout_loops_cross, chequers_big_river, grunt_ministairs_4
D:3:      layout_loops_ring, serial_shops, shop, minmay_misc_feat_room
D:4:      layout_gridville
D:5:      layout_loops_ring, nicolae_uskayaw_murder_on_the_dancefloor,
          mainiacjoe_overflow_cross_hatched, lemuel_temple_firewalk_a,
          grunt_decor_resistance

Skill      XL: |  1  2  3  4  5  6 |
---------------+-------------------+-----
Axes           | 2 3 4 5 |  5.0
Fighting       | 4 5 6 |  6.6
Armour         | |  2.6
Shields        | |  2.6

Action                   |  1- 3 |  4- 6 |  7- 9 || total
-------------------------+-------+-------+-------++-------
Melee: War axe           |    98 |   196 |       ||   294
Armor: Scale mail        |    39 |    96 |       ||   135
Dodge: Dodged            |    39 |    74 |       ||   113
Block: Kite shield       |    48 |    99 |       ||   147

Table legend: (Time is in decaauts)
 A = Elapsed time spent in this place.
 B = Non-inter-level travel time spent in this place.
 C = Inter-level travel time spent in this place.
 D = Time resting spent in this place.
 E = Time spent auto-exploring this place.
 F = Levels seen in this place.
 G = Mean time per level.
                   A        B        C        D        E       F      G
               +--------+--------+--------+--------+--------+-----+--------+
         Total |   3516 |   3395 |    121 |    945 |   1578 |   5 |  703.2 |
       Dungeon |   3516 |   3395 |    121 |    945 |   1578 |   5 |  703.2 |
               +--------+--------+--------+--------+--------+-----+--------+

Top non-repeatable levels by time:
     D:2: 1295 daAuts
     D:3: 883 daAuts
     D:1: 755 daAuts
     D:4: 334 daAuts
     D:5: 248 daAuts
